 Dungeon Crawl Stone Soup version 0.21-a0-440-g28109cb (webtiles) character file.

1800 mortelune the Cleaver (level 8, -11/74 HPs)
             Began as a Minotaur Fighter on Nov 11, 2017.
             Was a Follower of Okawaru.
             Mangled by an orc warrior
             ... wielding a +0 halberd
              (18 damage)
             ... on level 6 of the Dungeon.
             The game lasted 00:15:57 (5458 turns).

mortelune the Cleaver (Minotaur Fighter)            Turns: 5458, Time: 00:15:58

Health: -11/74     AC: 10    Str: 29    XL:     8   Next: 83%
Magic:  7/7        EV:  7    Int:  5    God:    Okawaru [*.....]
Gold:   229        SH: 10    Dex: 11    Spells: 7/7 levels left

rFire    . . .     SeeInvis +   a - +0 war axe
rCold    . . .     Gourm    .   c - +0 shield
rNeg     . . .     Faith    .   b - +0 scale mail
rPois    +         Spirit   .   (helmet restricted)
rElec    .         Reflect  .   (no cloak)
rCorr    .         Harm     .   (no gloves)
MR       .....                  r - +1 pair of boots
Stlth    ..........             (no amulet)
HPRegen  0.22/turn              p - ring of poison resistance
MPRegen  0.10/turn              m - ring of see invisible

@: mighty
A: retaliatory headbutt, horns 2, agile 1, screaming 1
a: Heroism, Renounce Religion


You were on level 6 of the Dungeon.
You worshipped Okawaru.
Okawaru was aware of your devotion.
You were not hungry.

You visited 2 branches of the dungeon, and saw 7 of its levels.

You collected 229 gold pieces.

Inventory:

Hand Weapons
 a - a +0 war axe (weapon)
 t - a +0 mace of venom
Armour
 b - a +0 scale mail (worn)
 c - a +0 shield (worn)
 r - a +1 pair of boots (worn)
Jewellery
 e - an uncursed ring of protection from fire
 m - a ring of see invisible (right hand)
 n - an uncursed ring of wizardry
 p - a ring of poison resistance (left hand)
 y - an uncursed ring of wizardry
 C - an uncursed ring of flight
Scrolls
 g - a scroll of enchant weapon {unknown}
 h - a scroll of recharging {unknown}
 j - 2 scrolls of enchant armour
 k - 3 scrolls of teleportation
 l - 3 scrolls of remove curse
 o - a scroll of identify
 s - a scroll of fog
 u - 3 scrolls of blinking {unknown}
 A - a scroll of fear {unknown}
Potions
 d - a potion of might
 q - 3 potions of flight
 v - a potion of curing
 z - 2 potions of degeneration
 B - a potion of agility {unknown}
 D - a potion of magic {unknown}
 E - a potion of mutation {unknown}
Books
 F - a book of Geomancy

   Spells                             Type                      Level
   a - Sandblast                      Earth                        1
   b - Passwall                       Transmutation/Earth          2
   c - Stone Arrow                    Conjuration/Earth            3
   d - Petrify                        Transmutation/Earth          4
   e - Lee's Rapid Deconstruction     Earth                        5
Comestibles
 f - 2 bread rations
 i - 8 fruits


   Skills:
 + Level 7.7 Fighting
 * Level 10.0 Axes
 + Level 7.7 Armour
 - Level 3.6 Shields


You had 7 spell levels left.
You didn't know any spells.

Dungeon Overview and Level Annotations

Branches:
Dungeon (6/15)             Temple (1/1) D:5

Altars:
Ashenzari
Cheibriados
Dithmenos
Fedhas
Gozag
Hepliaklqana
Kikubaaqudgha
Makhleb
Nemelex Xobeh
Okawaru
Qazlal
Ru
Sif Muna
Trog
Vehumet
Wu Jian
Xom
Yredelemnul
Zin
The Shining One

Shops:
D:4 *


Innate Abilities, Weirdness & Mutations

You reflexively headbutt those who attack you in melee.
You have a pair of horns on your head.
You are agile. (Dex +2)
You occasionally shout uncontrollably at your foes.


Message History

You kill the shadow imp!
Okawaru accepts your kill.
The orc warrior hits you but does no damage.
You slash the orc priest! Your headbutt misses the orc priest.
The orc priest is heavily wounded.
The orc priest miscasts a cantrip.
You block the orc warrior's attack.
You slash the orc priest!
You kill the orc priest!
Okawaru accepts your kill.
Your Axes skill increases to level 10!
The orc warrior closely misses you.
The orc warrior hits you from afar with a halberd!
* * * LOW HITPOINT WARNING * * *
You feel very mighty all of a sudden.
The orc warrior hits you with a halberd!
* * * LOW HITPOINT WARNING * * *
You completely miss the orc warrior.
The orc warrior hits you with a halberd!!
You die...

#...# #.(.. #...#
#.(.. #...# ##≈≈≈
#.########### #≈≈≈
#.#.......>.###≈≈≈
#.#......(..#..≈≈≈
#.#.........#..≈≈≈
#.#.........#..≈≈≈
#@#.......÷(#..≈≈≈
#(o......((....≈≈≈
###........(##.≈≈≈
##......#<(((≈≈≈
#.####=####.≈≈≈ #
#.........≈≈≈
##.#.####.≈≈≈ #
##'#†####.###
##.#.....<.#.# #


You could see an orc warrior.

Vanquished Creatures
  An ice beast (D:6)
  A sky beast (D:5)
  2 phantoms
  3 ogres (D:4)
  2 centaurs
  2 bullfrogs (D:6)
  A scorpion (D:5)
  A water moccasin skeleton (D:4)
  3 crimson imps
  5 hounds
  5 orc priests
  4 orc wizards
  An iguana (D:4)
  3 worker ants
  A hound zombie (D:5)
  7 adders
  A shadow imp (D:6)
  3 oozes (D:3)
  2 worms
  A dart slug (D:1)
  5 leopard geckos
  9 orcs
  A ball python (D:2)
  8 bats
  3 giant cockroaches
  9 goblins
  13 hobgoblins
  4 jackals (D:1)
  6 kobolds
  4 quokkas
  5 frilled lizards
  A leopard gecko skeleton (D:4)
  2 quokka skeletons
  9 rats
128 creatures vanquished.

Notes
Turn   | Place    | Note
-------+----------+-------------------------------------------
     0 | D:1      | mortelune the Minotaur Fighter began the quest for the Orb.
     0 | D:1      | Reached XP level 1. HP: 19/19 MP: 0/0
   219 | D:1      | Reached skill level 3 in Axes
   219 | D:1      | Reached XP level 2. HP: 23/27 MP: 1/1
   929 | D:2      | Reached XP level 3. HP: 33/33 MP: 2/2
  1187 | D:2      | Reached skill level 4 in Axes
  1437 | D:3      | Found a snail-covered altar of Cheibriados.
  1458 | D:3      | Reached XP level 4. HP: 41/41 MP: 3/3
  1747 | D:3      | Reached XP level 5. HP: 47/47 MP: 4/4
  1908 | D:3      | Reached skill level 5 in Axes
  1919 | D:3      | Found a radiant altar of Vehumet.
  2399 | D:4      | Noticed a phantom
  2448 | D:4      | Killed a phantom
  2448 | D:4      | Reached skill level 5 in Fighting
  2448 | D:4      | Reached skill level 5 in Armour
  2448 | D:4      | Reached XP level 6. HP: 34/56 MP: 5/5
  2648 | D:4      | Reached skill level 6 in Axes
  2890 | D:4      | Reached XP level 7. HP: 55/62 MP: 6/6
  2959 | D:4      | Reached skill level 7 in Axes
  3286 | D:4      | Found Honnuem's Elemental Accessories.
  3384 | D:5      | Entered Level 5 of the Dungeon
  3620 | D:5      | Gained mutation: You occasionally shout uncontrollably at your foes. [mutagenic meat]
  3623 | D:5      | Gained mutation: You are agile. (Dex +2) [mutagenic meat]
  3759 | D:5      | Reached skill level 8 in Axes
  3811 | D:5      | Reached XP level 8. HP: 55/71 MP: 7/7
  3823 | D:5      | Found a staircase to the Ecumenical Temple.
  3834 | Temple   | Entered the Ecumenical Temple
  3975 | Temple   | Became a worshipper of Warmaster Okawaru
  4276 | D:5      | Reached skill level 9 in Axes
  4528 | D:6      | Reached * piety under Okawaru
  5133 | D:6      | Found a shattered altar of Ashenzari.
  5135 | D:6      | Found a stormy altar of Qazlal.
  5453 | D:6      | Reached skill level 10 in Axes
  5458 | D:6      | Mangled by an orc warrior

Vault maps used:
D:1:      tarquinn_simple_flora_water_f
D:2:      first_bread, grunt_qazlal_sundering
D:3:      cheibriados_altar_1, vehumet_crystals
D:4:      nicolae_elemental_shop
D:5:      temple_green
D:6:      nicolae_whirlpool, grunt_temple_overflow_open
Temple:   nicolae_temple_elliptical

Skill      XL: |  1  2  3  4  5  6  7  8 |
---------------+-------------------------+-----
Axes           | 3 4 5 6 8 10 | 10.0
Fighting       | 4 5 6 7 |  7.7
Armour         | 4 5 6 7 |  7.7
Shields        | |  3.6

Action                   |  1- 3 |  4- 6 |  7- 9 || total
-------------------------+-------+-------+-------++-------
Melee: War axe           |    94 |       |    52 ||   146
       Headbutt          |    10 |    25 |    21 ||    56
       Mace              |     5 |   133 |    99 ||   237
 Abil: Evoke Flight      |       |       |     1 ||     1
  Use: Scroll            |       |     6 |     2 ||     8
       Potion            |       |       |     3 ||     3
  Eat: Chunk             |     1 |     5 |     8 ||    14
       Meat ration       |       |       |     1 ||     1
Armor: Scale mail        |    50 |    60 |    62 ||   172
Dodge: Dodged            |    36 |    34 |    47 ||   117
Block: Shield            |    47 |    71 |    69 ||   187

Table legend:
 A = Spawn XP
 B = Non-spawn XP
 C = Spawn XP percentage of total XP
 D = Spawn monster count
 E = Non-spawn monster count
 F = Spawn count percentage of total count
 G = Total turns spent on level
                    A         B        C        D         E        F      G
               +---------+---------+-------+---------+---------+-------+---------
         Total |       0 |    2572 |   0.0 |       0 |     128 |   0.0 |  5458
               +---------+---------+-------+---------+---------+-------+---------
           D:1 |       0 |      35 |   0.0 |       0 |      21 |   0.0 |   911
           D:2 |       0 |      52 |   0.0 |       0 |      16 |   0.0 |   449
           D:3 |       0 |     157 |   0.0 |       0 |      36 |   0.0 |   720
           D:4 |       0 |     729 |   0.0 |       0 |      18 |   0.0 |  1304
           D:5 |       0 |     993 |   0.0 |       0 |      26 |   0.0 |  1226
           D:6 |       0 |     606 |   0.0 |       0 |      11 |   0.0 |   696
               +---------+---------+-------+---------+---------+-------+---------
